 Dungeon Sprint DCSS version 0.21-a0-201-g8501b10 (webtiles) character file.

43732 Kidiri the Eclecticist (level 13, -5/80 HPs)
             Began as a Deep Elf Fire Elementalist on Aug 18, 2017.
             Was the Champion of Vehumet.
             Asphyxiated
             ... in the Dungeon (Sprint III: "The Ten Rune Challenge").
             The game lasted 00:43:50 (6908 turns).

Kidiri the Eclecticist (Deep Elf Fire Elementalist) Turns: 6908, Time: 00:43:51

Health: -5/80      AC: 10    Str:  5    XL:     13   Next: 22%
Magic:  13/38      EV: 22    Int: 26    God:    Vehumet [******]
Gold:   5247       SH:  0    Dex: 16    Spells: 3/50 levels left

rFire    + + .     SeeInvis .   h - +1 dagger "Acwiosk" {venom, rC++ Dex-3 Stlth+}
rCold    + + +     Gourm    .   (no shield)
rNeg     + . .     Faith    .   q - +2 robe {rC+ rF+}
rPois    .         Spirit   .   (helmet restricted)
rElec    .         Reflect  .   e - +2 cloak {MR+}
rCorr    .         Harm     .   (no gloves)
MR       +....     Clarity  +   (no boots) Stlth +++.......NoTele +
                                (no amulet)
HPRegen  0.23/turn              Q - ring "Sohil" {+Fly rC+ rN+ MR-}
MPRegen  0.26/turn              R - ring of Ekhe Guy {Fire Dex+4}

@: lethally poisoned (-5 -> -26), slowed, very slow
A: antennae 1, talons 1, molten scales 1, clarity
}: 1/10 runes: barnacled
a: Renounce Religion, Evoke Flight


You were in the Dungeon.
You worshipped Vehumet.
Vehumet was exalted by your worship.
You were full.

You visited 1 branch You collected 5247 gold pieces.

Inventory:

Hand Weapons
 h - the +1 dagger "Acwiosk" (weapon) {venom, rC++ Dex-3 Stlth+}
   (You took it off a deep elf demonologist in the Dungeon)

   It poisons the flesh of those it strikes.
   It affects your dexterity (-3).
   It greatly protects you from cold.
   It makes you more stealthy.
Missiles
 l - 7 throwing nets (quivered)
Armour
 e - a +2 cloak of magic resistance (worn)
 f - a +0 buckler
 q - a +2 robe of resistance (worn)
 v - a +2 robe of poison resistance
Magical Staves
 L - an uncursed staff of fire
Jewellery
 Q - the ring "Sohil" (left hand) {+Fly rC+ rN+ MR-}
   (You found it in the Dungeon)

   [ring of flight]

   It protects you from cold.
   It protects you from negative energy.
   It affects your resistance to hostile enchantments.
   It lets you fly.
 R - the ring of Ekhe Guy (right hand) {Fire Dex+4}
   (You found it in the Dungeon)

   [ring of fire]

   It enhances your fire magic.
   It affects your dexterity (+4).
   It protects you from fire.
   It makes you vulnerable to cold.
Wands
 d - a wand of enslavement (12/24)
 F - a wand of disintegration (13/24)
Scrolls
 b - a scroll of silence
 j - a scroll of immolation {unknown}
 m - 3 scrolls of remove curse
 p - a scroll of torment {unknown}
 x - 2 scrolls of amnesia
Potions
 k - a potion of resistance
 o - 2 potions of flight
 r - 4 potions of mutation
Comestibles
 c - a bread ration
 n - 15 royal jellies


   Skills:
 + Level 9.6 Fighting
 + Level 10.7 Short Blades
 + Level 9.6 Armour
 + Level 13.4 Dodging
 - Level 2.4 Stealth
 + Level 2.5 Shields
 * Level 19.2 Spellcasting
 + Level 12.2 Conjurations
 + Level 12.7 Fire Magic
 + Level 9.0 Ice Magic
 + Level 9.6 Air Magic
 + Level 9.3 Earth Magic
 + Level 10.5 Poison Magic
 + Level 0.0 Evocations


You had 3 spell levels left.
You knew the following spells:

 Your Spells              Type           Power        Failure   Level  Hunger
a - Flame Tongue          Conj/Fire      #####        0%          1    None
b - Throw Flame           Conj/Fire      ######       0%          2    None
c - Conjure Flame         Conj/Fire      #######.     1%          3    None
d - Inner Flame           Hex/Fire       ######..     1%          3    None
e - Sticky Flame          Conj/Fire      #######.     1%          4    None
f - Fireball              Conj/Fire      #######...   1%          5    None
g - Bolt of Magma         Conj/Fire/Erth #######...   1%          5    None
h - Bolt of Cold          Conj/Ice       ######....   1%          6    ##.....
i - Freezing Cloud        Conj/Ice/Air   ######....   1%          6    ##.....
j - Stone Arrow           Conj/Erth      ######       1%          3    None
k - Lehudib's Crystal Sp  Conj/Erth      ######....   32%         8    ######.
l - Sting                 Conj/Pois      ####         0%          1    None


Dungeon Overview and Level Annotations

Branches:
Dungeon (1/1)

Altars:
Cheibriados
Dithmenos
Elyvilon
Fedhas
Gozag
Hepliaklqana
Kikubaaqudgha
Makhleb
Nemelex Xobeh
Okawaru
Qazlal
Ru
Sif Muna
Trog
Uskayaw
Vehumet
Wu Jian
Xom
Yredelemnul
Zin
The Shining One
Beogh
Jiyva
Lugonu

Shops:
D %}[(

Annotations:
D exclusion: 5 doors, Donald, Frances


Innate Abilities, Weirdness & Mutations

You have a pair of small antennae on your head.
You have sharp toenails.
You are partially covered in molten scales. (AC +2)
You possess an exceptional clarity of mind.


Message History

Aiming: Lehudib's Crystal Spear
Press: ? - help, Shift-Dir - straight line, f/p - Donald
Aim: Donald, wielding a war axe of holy wrath, wearing a scale mail and wearing a shiny shield (heavily wounded, covered in liquid flames) Donald reflects the crystal spear off his shiny shield!
The crystal spear misses you.
You feel very sick.
Donald burns!
Donald stops burning.
Frances is engulfed in freezing vapours.
Frances chants phrases taken from a devil's mouth.
Frances seems to speed up.
Donald hits you with a war axe of holy wrath!
* * * LOW HITPOINT WARNING * * *
Okay, then.
Unknown command.
* * * LOW HITPOINT WARNING * * *
You feel very sick.
Frances shoots a curare-tipped needle.
The curare-tipped needle hits you.
You are more poisoned.
You have difficulty breathing.
You die...

###########################
[..#.#.#.....#......+...≈≈#
.#))#.##.###.#......#...≈≈###
#.#.#.##)#.[##(.....#...≈≈≈≈#
..#..#..##.)'.......#.†.≈≈≈≈#
▓▓▓▓▓▓▓▓▓▓▓▓#.......#.......#
......≈≈≈...#.......#.......#
≈≈≈≈≈≈≈≈♣♣P.+.@(....#.......#
♣♣♣♣♣♣♣♣♣♣PP#.(.@...#########
♣♣♣##@###### #§§. # #§§.# #
#§§.# #+ ##### .# .# ##


You could see Frances and Donald.

Vanquished Creatures
  Rupert (D)
  A deep elf master archer (D)
  Polyphemus (D)
  Ilsuiw (D)
  3 deep elf demonologists (D)
  A deep elf annihilator (D)
  A merfolk javelineer (D)
  2 deep elf high priests (D)
  Erolcha (D)
  Urug (D)
  2 orc high priests (D)
  4 death yaks (D)
  2 deep elf knights (D)
  A sea snake (D)
  A lindwurm (D)
  2 orc knights (D)
  4 deep elf magi (D)
  2 black mambas (D)
  2 spiny frogs (D)
  A komodo dragon (D)
  3 wandering mushrooms (D)
  A queen bee (D)
  2 tyrant leeches (D)
  8 blink frogs (D)
  3 dream sheep (D)
  5 redbacks (D)
  A shadow (D)
  A spatial vortex (D)
  An orc warrior (D)
  A necrophage (D)
  5 two-headed ogres (D)
  A water elemental (D)
  32 killer bees (D)
  A jelly (D)
  A wizard (D)
  Crazy Yiuf (D)
  Jessica (D)
  2 orc wizards (D)
  A necromancer (D)
  A kobold demonologist (D)
  3 humans (D)
  2 oozes (D)
  11 orcs (D)
  A rat (D)
123 creatures vanquished.

Vanquished Creatures (collateral kills)
  A rime drake (D)
  A swamp drake (D)
2 creatures vanquished.

Vanquished Creatures (others)
  2 draconian scorchers (D)
  6 hellions (D)
  3 yaktaurs (D)
  An electric eel (D)
  7 plants (D)
19 creatures vanquished.

Grand Total: 144 creatures vanquished

Notes
Turn   | Place    | Note
-------+----------+-------------------------------------------
     0 | D        | Kidiri the Deep Elf Fire Elementalist began the quest for the Orb.
     0 | D        | Reached XP level 1. HP: 10/10 MP: 6/6
     5 | D        | Reached skill level 4 in Spellcasting
     9 | D        | Reached skill level 1 in Armour
     9 | D        | Reached XP level 2. HP: 11/16 MP: 0/9
    13 | D        | Learned a level 2 spell: Throw Flame
    92 | D        | Killed a yaktaur
    99 | D        | Noticed Jessica
   101 | D        | Killed Jessica
   101 | D        | Reached skill level 1 in Fighting
   101 | D        | Reached skill level 5 in Spellcasting
   101 | D        | Reached XP level 3. HP: 20/20 MP: 6/11
   105 | D        | Killed a hellion
   105 | D        | Killed a hellion
   105 | D        | Killed a hellion
   106 | D        | Learned a level 3 spell: Conjure Flame
   110 | D        | Learned a level 3 spell: Inner Flame
   116 | D        | Killed a hellion
   142 | D        | Killed a hellion
   146 | D        | Killed a white draconian scorcher
   151 | D        | Killed a hellion
   156 | D        | Killed a white draconian scorcher
   335 | D        | Noticed Crazy Yiuf
   340 | D        | Killed Crazy Yiuf
   340 | D        | Reached skill level 6 in Spellcasting
   340 | D        | Reached XP level 4. HP: 26/26 MP: 7/14
   346 | D        | Learned a level 4 spell: Sticky Flame
   376 | D        | Gained mutation: You have sharp toenails. [potion of mutation]
   376 | D        | Gained mutation: You possess an exceptional clarity of mind. [potion of mutation]
   376 | D        | Gained mutation: You are partially covered in molten scales. (AC +2) [potion of mutation]
   376 | D        | Gained mutation: You have a pair of small antennae on your head. [potion of mutation]
   398 | D        | Noticed a water elemental
   402 | D        | Killed a water elemental
   402 | D        | Reached skill level 7 in Spellcasting
   402 | D        | Reached skill level 5 in Fire Magic
   402 | D        | Reached XP level 5. HP: 32/32 MP: 10/17
   410 | D        | Learned a level 5 spell: Fireball
   446 | D        | Found a radiant altar of Vehumet.
   447 | D        | Found a deep blue altar of Sif Muna.
   447 | D        | Found an ancient bone altar of Kikubaaqudgha.
   448 | D        | Reached skill level 5 in Dodging
   448 | D        | Reached skill level 8 in Spellcasting
   462 | D        | Became a worshipper of Vehumet
   501 | D        | Found a glowing silver altar of Zin.
   502 | D        | Found a glowing golden altar of the Shining One.
   502 | D        | Found a white marble altar of Elyvilon.
   502 | D        | Noticed a deep elf mage
   512 | D        | Killed a deep elf mage
   512 | D        | Reached skill level 10 in Spellcasting
   512 | D        | Reached XP level 6. HP: 39/39 MP: 14/21
   512 | D        | Reached XP level 7. HP: 44/44 MP: 15/23
   559 | D        | Found an ornate altar of the Wu Jian Council.
   559 | D        | Found a roughly hewn altar of Beogh.
   559 | D        | Found an iron altar of Okawaru.
   559 | D        | Found a bloodstained altar of Trog.
   559 | D        | Found a hide-covered altar of Uskayaw.
   559 | D        | Noticed a human
   561 | D        | Noticed a human
   562 | D        | Killed a human
   562 | D        | Reached skill level 11 in Spellcasting
   563 | D        | Killed a human
   563 | D        | Reached * piety under Vehumet
   563 | D        | Offered knowledge of Shock by Vehumet.
   563 | D        | Reached skill level 5 in Fighting
   563 | D        | Reached skill level 5 in Armour
   566 | D        | Learned a level 1 spell: Shock
   639 | D        | Found a basalt altar of Yredelemnul.
   639 | D        | Found a shadowy altar of Dithmenos.
   639 | D        | Found a sacrificial altar of Ru.
   691 | D        | Offered knowledge of Sting by Vehumet.
   691 | D        | Reached ** piety under Vehumet
   691 | D        | Reached skill level 1 in Air Magic
   695 | D        | Learned a level 1 spell: Sting
   696 | D        | Noticed a shadow
   701 | D        | Killed a shadow
   701 | D        | Reached skill level 12 in Spellcasting
   701 | D        | Reached skill level 1 in Poison Magic
   701 | D        | Reached XP level 8. HP: 49/49 MP: 15/26
   757 | D        | Found a blossoming altar of Fedhas.
   757 | D        | Found a stormy altar of Qazlal.
   757 | D        | Found a snail-covered altar of Cheibriados.
   757 | D        | Found a burning altar of Makhleb.
   757 | D        | Found a shimmering altar of Xom.
   758 | D        | Found a hazy altar of Hepliaklqana.
   758 | D        | Found an opulent altar of Gozag.
   758 | D        | Found a sparkling altar of Nemelex Xobeh.
   758 | D        | Found a corrupted altar of Lugonu.
   758 | D        | Found a viscous altar of Jiyva.
   830 | D        | Offered knowledge of Static Discharge by Vehumet.
   830 | D        | Reached skill level 5 in Short Blades
   831 | D        | Reached *** piety under Vehumet
   924 | D        | Noticed a two-headed ogre
   932 | D        | Killed a two-headed ogre
  1111 | D        | Noticed a two-headed ogre
  1111 | D        | Noticed Erolcha
  1122 | D        | Killed a two-headed ogre
  1122 | D        | Offered knowledge of Stone Arrow by Vehumet.
  1122 | D        | Reached skill level 13 in Spellcasting
  1122 | D        | Reached XP level 9. HP: 55/55 MP: 10/28
  1122 | D        | Killed Erolcha
  1122 | D        | Reached **** piety under Vehumet
  1127 | D        | Learned a level 3 spell: Stone Arrow
  1199 | D        | Offered knowledge of Bolt of Magma by Vehumet.
  1199 | D        | Reached skill level 14 in Spellcasting
  1206 | D        | Learned a level 5 spell: Bolt of Magma
  1489 | D        | Noticed a queen bee
  1493 | D        | Reached skill level 1 in Earth Magic
  1493 | D        | Reached ***** piety under Vehumet
  1493 | D        | Offered knowledge of Iskenderun's Battlesphere by Vehumet.
  1496 | D        | Killed a queen bee
  1496 | D        | Reached skill level 5 in Poison Magic
  1587 | D        | Killed a yaktaur
  1755 | D        | Offered knowledge of Bolt of Cold by Vehumet.
  1757 | D        | Reached XP level 10. HP: 61/61 MP: 13/30
  1765 | D        | Learned a level 6 spell: Bolt of Cold
  1878 | D        | Reached skill level 10 in Dodging
  1878 | D        | Reached skill level 1 in Ice Magic
  2142 | D        | Reached ****** piety under Vehumet
  2142 | D        | Offered knowledge of Poison Arrow by Vehumet.
  2236 | D        | Reached skill level 5 in Air Magic
  2365 | D        | Offered knowledge of Bolt of Fire by Vehumet.
  2439 | D        | Noticed a spiny frog
  2439 | D        | Noticed a spiny frog
  2442 | D        | Killed a spiny frog
  2442 | D        | Reached skill level 15 in Spellcasting
  2443 | D        | Killed a spiny frog
  2443 | D        | Reached skill level 10 in Fire Magic
  2573 | D        | Offered knowledge of Ozocubu's Refrigeration by Vehumet.
  2705 | D        | Noticed a lindwurm
  2707 | D        | Killed a lindwurm
  2799 | D        | Noticed Urug
  2846 | D        | Killed Urug
  2846 | D        | Reached XP level 11. HP: 40/67 MP: 4/32
  2974 | D        | Reached skill level 5 in Earth Magic
  2975 | D        | Reached skill level 10 in Conjurations
  2984 | D        | Reached skill level 16 in Spellcasting
  3103 | D        | Noticed Rupert
  3133 | D        | Killed Rupert
  3133 | D        | Reached skill level 5 in Ice Magic
  3289 | D        | Noticed a death yak
  3290 | D        | Noticed a death yak
  3294 | D        | Noticed a death yak
  3296 | D        | Noticed a death yak
  3296 | D        | Killed a death yak
  3296 | D        | Offered knowledge of Conjure Ball Lightning by Vehumet.
  3297 | D        | Killed a death yak
  3502 | D        | Killed a death yak
  3502 | D        | Reached skill level 17 in Spellcasting
  3503 | D        | Killed a death yak
  3534 | D        | Offered knowledge of Spellforged Servitor by Vehumet.
  3545 | D        | Noticed an azure jelly
  3545 | D        | Noticed an azure jelly
  3673 | D        | Noticed Polyphemus
  3677 | D        | Noticed Ilsuiw
  3681 | D        | Killed Polyphemus
  3681 | D        | Reached XP level 12. HP: 75/75 MP: 23/35
  3689 | D        | Killed Ilsuiw
  3831 | D        | Found Mozxoica's Food Shoppe.
  3891 | D        | Found Runlaedd's Gadget Boutique.
  3892 | D        | Found Wyuvidgh's Antique Armour Emporium.
  3893 | D        | Noticed a merfolk javelineer
  3902 | D        | Killed a merfolk javelineer
  4063 | D        | Got a barnacled rune of Zot
  4196 | D        | Noticed an orc high priest
  4196 | D        | Noticed an orc high priest
  4197 | D        | Offered knowledge of Lehudib's Crystal Spear by Vehumet.
  4197 | D        | Offered knowledge of Chain Lightning by Vehumet.
  4197 | D        | Offered knowledge of Tornado by Vehumet.
  4199 | D        | Reached skill level 18 in Spellcasting
  4201 | D        | Killed an orc high priest
  4202 | D        | Killed an orc high priest
  4206 | D        | Reached skill level 10 in Short Blades
  4231 | D        | Found Opuese Neqi's Antique Weapon Shop.
  4480 | D        | HP: 3/76 [deep elf mage/short sword (3)]
  4486 | D        | HP: 2/76 [deep elf mage/short sword (1)]
  4842 | D        | Noticed a deep elf demonologist
  4852 | D        | Learned a level 8 spell: Lehudib's Crystal Spear
  4853 | D        | Noticed a deep elf annihilator
  4853 | D        | Noticed a deep elf high priest
  4856 | D        | Noticed a deep elf demonologist
  4856 | D        | Killed a deep elf annihilator
  4856 | D        | Reached skill level 10 in Poison Magic
  4859 | D        | Noticed a deep elf high priest
  4862 | D        | Noticed a deep elf master archer
  4865 | D        | Noticed a blizzard demon
  5260 | D        | Noticed a deep elf demonologist
  5286 | D        | Killed a deep elf high priest
  5286 | D        | Reached skill level 1 in Shields
  5287 | D        | Killed a deep elf high priest
  5445 | D        | Killed a deep elf demonologist
  5445 | D        | Reached XP level 13. HP: 80/80 MP: 20/37
  5750 | D        | Noticed a reaper
  5750 | D        | Killed a deep elf demonologist
  5750 | D        | Reached skill level 19 in Spellcasting
  5821 | D        | Killed a deep elf demonologist
  6316 | D        | Killed a deep elf master archer
  6366 | D        | Got a translucent dagger {venom}
  6394 | D        | Identified the Reference Book on Harmful Summoning (You found it in the Dungeon)
  6400 | D        | Identified the Almanac of the Magi
  6406 | D        | Got a brightly glowing lapis lazuli ring
  6406 | D        | Got an ancient brass ring
  6502 | D        | Identified the cursed +1 dagger "Acwiosk" {venom, rC++ Dex-3 Stlth+} (You took it off a deep elf demonologist in the Dungeon)
  6503 | D        | Identified the ring "Sohil" {+Fly rC+ rN+ MR-} (You found it in the Dungeon)
  6504 | D        | Identified the ring of Ekhe Guy {Fire Dex+4} (You found it in the Dungeon)
  6590 | D        | Learned a level 6 spell: Freezing Cloud
  6901 | D        | Noticed Donald
  6901 | D        | Noticed Frances
  6908 | D        | Asphyxiated

Vault maps used:
D:        dungeon_sprint_mu

Skill      XL: |  1  2  3  4  5  6  7  8  9 10 11 12 13 |
---------------+----------------------------------------+-----
Spellcasting   | 4 5 6 7 10 12 13 14 15 17 18 19 | 19.2
Armour         | 1 2 4 5 6 7 8 9 |  9.6
Conjurations   | 2 3 4 6 7 8 9 11 12 | 12.2
Fighting       | 1 2 4 5 6 7 8 9 |  9.6
Dodging        | 3 4 6 7 8 9 10 12 13 | 13.4
Fire Magic     | 4 5 7 8 9 10 11 12 | 12.7
Short Blades   | 3 4 5 6 8 9 10 | 10.7
Air Magic      | 1 3 4 6 8 9 |  9.6
Poison Magic   | 1 3 5 7 8 10 | 10.5
Earth Magic    | 2 4 7 8 9 |  9.3
Ice Magic      | 4 6 8 9 |  9.0
Shields        | 1 2 |  2.5
Stealth        | |  2.4

Action                   |  1- 3 |  4- 6 |  7- 9 | 10-12 | 13-15 || total
-------------------------+-------+-------+-------+-------+-------++-------
Melee: Dagger            |       |     1 |     6 |    58 |       ||    65
       Kick              |       |     1 |     1 |     7 |       ||     9
       Unarmed           |       |     1 |       |       |       ||     1
 Cast: Flame Tongue      |    27 |     3 |    36 |    64 |       ||   130
       Throw Flame       |     2 |       |     1 |     5 |       ||     8
       Conjure Flame     |       |     1 |    12 |    15 |     1 ||    29
       Sticky Flame      |       |     3 |    11 |    28 |     1 ||    43
       Fireball          |       |       |     5 |    18 |       ||    23
       Inner Flame       |       |       |     2 |     4 |       ||     6
       Bolt of Magma     |       |       |     5 |    57 |     2 ||    64
       Bolt of Cold      |       |       |       |     6 |     9 ||    15
       Sting             |       |       |       |     3 |       ||     3
       Stone Arrow       |       |       |       |     3 |       ||     3
       Lehudib's Crystal |       |       |       |       |     5 ||     5
       Freezing Cloud    |       |       |       |       |     1 ||     1
 Abil: Evoke Flight      |       |       |       |       |     1 ||     1
Evoke: Wand              |       |       |       |     1 |       ||     1
  Use: Potion            |     3 |     1 |     2 |     3 |     1 ||    10
       Scroll            |       |     2 |       |     1 |     3 ||     6
 Stab: Sleeping          |       |     1 |       |     1 |       ||     2
  Eat: Chunk             |       |       |     2 |     3 |       ||     5
       Meat ration       |       |       |     1 |       |       ||     1
       Royal jelly       |       |       |       |     5 |     5 ||    10
Armor: Robe              |       |     1 |     4 |     9 |       ||    14
Dodge: Dodged            |    10 |     8 |    67 |    98 |     7 ||   190
